 Dungeon Crawl Stone Soup version 0.17.0-1-g61d176b (console) character file.

18 gw the Charmwright (level 2, 0/20 HPs)
             Began as a High Elf Skald on Nov 8, 2015.
             Slain by a jackal (1 damage)
             ... on level 1 of the Dungeon.
             The game lasted 00:00:47 (905 turns).

gw the Charmwright (High Elf Skald)                  Turns: 905, Time: 00:00:47

Health: 0/20       AC:  3    Str: 11    XL:     2   Next: 48%
Magic:  1/6        EV: 12    Int: 15    God:
Gold:   16         SH:  0    Dex: 14    Spells: 1 memorised, 5 levels left

rFire  . . .     SeeInvis .     a - +0 club
rCold  . . .     Clarity  .     b - +0 leather armour
rNeg   . . .     SustAt   .     (no shield)
rPois  .         Gourm    .     (no helmet)
rElec  .         Spirit   .     (no cloak)
rCorr  .         Warding  .     (no gloves)
rMut   .         Stasis   .     (no boots)
MR     .....                    (no amulet)
Stlth  +.........               (no ring)
                                (no ring)

@: infused, very slightly contaminated, not resistant to hostile enchantments,
very unstealthy
A: no striking features
a: no special abilities


You were on level 1 of the Dungeon.
You were not hungry.

You visited 1 branch of the dungeon, and saw 1 of its levels.

You collected 16 gold pieces.

Inventory:

Hand Weapons
 a - a +0 club (weapon)
Armour
 b - a +0 leather armour (worn)
Books
 c - a book of Battle

   Spells                             Type                      Level
   a - Infusion                       Charms                       1
   b - Shroud of Golubria             Charms/Translocation         2
   c - Song of Slaying                Charms                       2
   d - Spectral Weapon                Hexes/Charms                 3
   e - Regeneration                   Charms/Necromancy            3
Comestibles
 d - a bread ration


   Skills:
 * Level 2.4 Fighting
   Level 2.6 Long Blades
 + Level 0.1 Maces & Flails
 - Level 0.8 Armour
 + Level 1.8 Dodging
 + Level 2.6 Spellcasting
 - Level 3.6 Charms


You had 5 spell levels left.
You knew the following spells:

 Your Spells              Type           Power        Failure   Level  Hunger
a - Infusion              Chrm           ##....       10%         1    #......


Dungeon Overview and Level Annotations

Branches:
Dungeon (1/15)

Altars:
Nemelex Xobeh
Sif Muna


Message History

The jackal bites you but does no damage.
Unknown command.
Unknown command.
Unknown command.
Unknown command.
ATTACKING (0,1)
You barely miss the jackal.
The jackal is heavily wounded.
The jackal barely misses you.
The jackal bites you but does no damage.
The jackal misses you. The jackal completely misses you.
Unknown command.
Unknown command.
Unknown command.
Unknown command.
ATTACKING (0,1)
You hit the jackal.
The jackal is heavily wounded.
The jackal bites you. x2
You die...

#.##########h##.# #.# #......
#.# #.##.####.####..#### #.#
#.##.........?..# #.#
#.##.####.####)## #.#####
#.##.## #.####.#####
........####.##..###.#...[.....
#....K.h.......#.##.#####
#......###.###..####.##.#
#.##... #.#ehh..###.##.# .)K..
#.#h##..#...##.# #......
.!#.##..#.####.## ####.#.
###.##..#.......# .K..
#.###.######..# ##.## #.# #.##
#..# #.# #..#####..## #.#
#........... #.####.####...##


You could see 3 jackals.

Table legend:
 A = Turns spent in this place as a percentage of turns spent in the entire game.
 B = Non-inter-level travel turns spent in this place as a percentage of non-inter-level travel turns spent in the entire game.
 C = Inter-level travel turns spent in this place as a percentage of turns spent in this place.
 D = Turns resting spent in this place as a percentage of non-inter-level travel turns spent in this place.
 E = Turns spent auto-exploring this place as a percentage of non-inter-level travel turns spent in this place.
 F = Non-inter-level travel turns spent in this place divided by the number of levels of this place that you've seen.
                   A       B       C       D       E      F
               +-------+-------+-------+-------+-------+----------------------
         Total | 100.0 | 100.0 |   0.0 |   3.0 |   1.9 | 1127.0
       Dungeon | 100.0 | 100.0 |   0.0 |   3.0 |   1.9 | 1127.0
               +-------+-------+-------+-------+-------+----------------------

Table legend:
 A = Kills in this place as a percentage of kills in entire the game.
 B = Kills by you in this place as a percentage of kills by you in the entire game.
 C = Kills by friends in this place as a percentage of kills by friends in the entire game.
 D = Other kills in this place as a percentage of other kills in the entire game.
 E = Experience gained in this place as a percentage of experience gained in the entire game.
 F = Experience gained in this place divided by the number of levels of this place that you have seen.
                   A       B       C       D       E      F
               +-------+-------+-------+-------+-------+----------------------
         Total | 100.0 | 100.0 |  -nan |  -nan | 100.0 |  26.0
       Dungeon | 100.0 | 100.0 |  -nan |  -nan | 100.0 |  26.0
               +-------+-------+-------+-------+-------+----------------------

Vanquished Creatures
  A giant cockroach (D:1)
  3 goblins (D:1)
  3 hobgoblins (D:1)
  4 jackals (D:1)
  2 kobolds (D:1)
  A bat (D:1)
  A giant newt (D:1)
15 creatures vanquished.

Notes
Turn   | Place    | Note
--------------------------------------------------------------
     0 | D:1      | gw the High Elf Skald began the quest for the Orb.
     0 | D:1      | Reached XP level 1. HP: 14/14 MP: 4/4
   159 | D:1      | Found a deep blue altar of Sif Muna.
   336 | D:1      | Found a sparkling altar of Nemelex Xobeh.
   567 | D:1      | Reached XP level 2. HP: 16/19 MP: 3/6
   905 | D:1      | HP: 1/20 [jackal (2)]
   905 | D:1      | Slain by a jackal

Action                   || total
-------------------------++-------
Melee: Falchion          ||    38
       Club              ||    30
 Cast: Infusion          ||    16

Vault maps used:
D:1:      lightli_arrival_flooded_house, kennysheep_flooded_box,
          nemelex_diamond_rough_becter
